 Dungeon Crawl Stone Soup version 0.17-a0-910-ga669010 (webtiles) character file.

46 oplop the Chiller (level 3, -4/24 HPs)
             Began as an Octopode Ice Elementalist on May 2, 2015.
             Killed from afar by Robin (10 damage)
             ... with a wand of frost
             ... on level 2 of the Dungeon.
             The game lasted 00:03:02 (1583 turns).

oplop the Chiller (Octopode Ice Elementalist)       Turns: 1583, Time: 00:03:02

Health: -4/24      AC:  1    Str:  7    XL:     3   Next: 66%
Magic:  6/6        EV: 12    Int: 18    God:
Gold:   112        SH:  0    Dex: 12    Spells: 2 memorised, 2 levels left

rFire  . . .     SeeInvis .     h - +5 dagger (venom)
rCold  . . .     Clarity  .     (no shield)
rNeg   . . .     SustAb   .     (helmet restricted)
rPois  .         Gourm    .     (no amulet)
rElec  .         Spirit   .     f - ring of loudness (curse)
rCorr  .         Warding  .     (no ring)
rMut   .         Stasis   .     (no ring)
MR     .....                    (no ring)
Stlth  ++........               (no ring)
                                (no ring)
                                (no ring)
                                (no ring)

@: not resistant to hostile enchantments, unstealthy
A: almost no armour, amphibious, 8 rings, constrict 8, camouflage 1, gelatinous
body 1, evolution 1
a: no special abilities


You were on level 2 of the Dungeon.
You were very hungry.

You visited 1 branch of the dungeon, and saw 2 of its levels.

You collected 112 gold pieces.

Inventory:

Hand weapons
 d - a +0 dagger
 h - a +5 dagger of venom (weapon)
Missiles
 e - 40 stones (quivered)
Jewellery
 f - a cursed ring of loudness (left tentacle)
Scrolls
 c - 3 scrolls of identify
Books
 a - a book of Frost

   Spells                             Type                      Level
   a - Freeze                         Ice                          1
   b - Throw Frost                    Conjuration/Ice              2
   c - Ozocubu's Armour               Charms/Ice                   3
   d - Throw Icicle                   Conjuration/Ice              4
   e - Summon Ice Beast               Ice/Summoning                4
   f - Condensation Shield            Ice                          4
Comestibles
 b - 2 bread rations


   Skills:
 + Level 1.8 Fighting
 - Level 2.0 Dodging
 - Level 2.6 Stealth
 + Level 2.3 Spellcasting
   Level 1.0 Conjurations
 + Level 3.7 Ice Magic


You had 2 spell levels left.
You knew the following spells:

 Your Spells              Type           Power        Failure   Level  Hunger
a - Freeze                Ice            ###.         4%          1    #......
b - Ozocubu's Armour      Chrm/Ice       #.......     30%         3    ###....


Dungeon Overview and Level Annotations

Branches:
Dungeon (2/15)

Altars:

Annotations:
D:2 exclusion: gnoll, Robin


Innate Abilities, Weirdness & Mutations

You cannot wear most types of armour.
You are amphibious.
You can wear up to eight rings at the same time.
You can use your tentacles to constrict eight enemies at once.
Your skin changes colour to match your surroundings (Stealth).
Your rubbery body absorbs attacks (AC +1).
You evolve.


Message History

HP restored.
You start resting.
Your magical contamination has completely faded away.
Magic restored.
Found a stone staircase leading down.
A worm comes into view.
A worm is nearby!
You see here a bread ration.
b - 2 bread rations (gained 1)
Found a scroll of identify and a green potion.
Robin shouts!
Robin zaps a wand.
The puff of frost hits you!
Robin zaps a wand.
The puff of frost hits you!
* * * LOW HITPOINT WARNING * * *
You aren't carrying any potions.
Read which item? (? for menu, Esc to quit)
Okay, then.
Robin zaps a wand.
The puff of frost misses you.
Robin zaps a wand.
The puff of frost hits you!
You die...

### ######## ##.##
##...#...###
#...####...........
#.................#
#####...###............
##...#..................
#.....#.####..........#
#<.....@#####....#....##
#.....#...........###..#
##...........g..w....#w#
############........#.#
#####....... ###
##..#>.. #.# ##..... #g#
#####. #.# #


You could see Robin.

Vanquished Creatures
  An adder (D:1)
  An ooze (D:1)
  A worm (D:2)
  A giant gecko (D:1)
  7 goblins (D:1)
  A hobgoblin (D:1)
  3 jackals (D:1)
  4 bats (D:1)
  2 giant cockroaches
  6 kobolds (D:1)
  2 rats (D:1)
29 creatures vanquished.

Notes
Turn   | Place    | Note
--------------------------------------------------------------
     0 | D:1      | oplop, the Octopode Ice Elementalist, began the quest for the Orb.
     0 | D:1      | Reached XP level 1. HP: 11/11 MP: 3/3
   146 | D:1      | Reached XP level 2. HP: 10/18 MP: 5/5
   471 | D:1      | Reached skill level 1 in Fighting
   571 | D:1      | Reached XP level 3. HP: 14/23 MP: 6/6
  1042 | D:2      | Gained mutation: You evolve. [potion of beneficial mutation]
  1056 | D:2      | Noticed Robin
  1275 | D:1      | Learned a level 3 spell: Ozocubu's Armour
  1583 | D:2      | Killed from afar by Robin

Action                   || total
-------------------------++-------
Melee: Unarmed           ||    14
       Dagger            ||    37
 Cast: Freeze            ||     7
       Ozocubu's Armour  ||     1
  Use: Scroll            ||     2
       Potion            ||     1
 Stab: Sleeping          ||     9
  Eat: Chunk             ||     1
